Cogmind - Beta 17 @@@ ROGUE MODE // 2026.07.27 @ 22:12:12 Player: Momo Result: Destroyed by G-34 Mercenary with Small Laser Performance ------------- Evolutions (1) 500 Regions Visited (3) 600 Robots Destroyed (56) 280 Value Destroyed (1218) 1218 Prototype IDs (1) 20 Alien Tech Used (0) 0 Bonus (7347) 7347 TOTAL SCORE: 9965 Bonus ------- High Alert Combat Kills 107 Follower Combat Kills 90 Prayed to X0-1V1 5000 Major X0-1V1 Interference 2150 Cogmind --------- Core Integrity 0/300 Matter 630/700 Energy 100/100 System Corruption 0% Temperature Cool (12) Movement Rolling (115) Ox1 Location -9/Materials Parts ------- > --- POWER (1) -------- (None) > --- PROPULSION (2) --- Compact Wheel > --- UTILITY (4) ------ Large Storage Unit X0-1V1's Piety Tracker > --- WEAPON (2) ------- Mini Grenade Launcher Mace > --- INVENTORY (15) --- Huge Storage Unit Small Matter Pod (50) Transport Network Coupler Salvage Targeting Computer Hacking Suite Beam Rifle Beam Rifle Particle Gun Particle Cannon Light Cannon Mace Peak State ------------ > --- POWER ------------ Ion Engine > --- PROPULSION ------- Aluminum Leg Compact Wheel > --- UTILITY ---------- Large Storage Unit Light Armor Plating Light Armor Plating X0-1V1's Piety Tracker > --- WEAPON ----------- Particle Cannon Shotgun > --- INVENTORY -------- Huge Storage Unit Small Matter Pod Transport Network Coupler Hacking Suite Particle Gun Light Cannon Mace Mace [Rating: 24] Favorites ----------- Power Ion Engine Engine Ion Engine Power Core Light Nuclear Core Propulsion Compact Wheel Treads Light Treads Leg Aluminum Leg Wheel Compact Wheel Hover Unit Backup Propulsion I Utility X0-1V1's Piety Tracker Device X0-1V1's Piety Tracker Storage Large Storage Unit Processor Targeting Computer Protection Light Armor Plating Weapon Assault Rifle Energy Cannon Particle Cannon Ballistic Gun Assault Rifle Ballistic Cannon Light Cannon Launcher Mini Grenade Launcher Impact Weapon Mace Build | -11 -10 -10 -9 ------- Run | Yrd Mat Min Mat Slots Evolved 2 | . . . 2 Power . | . . . . Propulsion . | . . . . Utility 2 | . . . 2 Weapon . | . . . . Parts Attached 26 | 4 7 4 11 Power 3 | . 1 1 1 Engine 2 | . 1 1 . Core 1 | . . . 1 Reactor . | . . . . Propulsion 7 | 2 1 2 2 Treads 1 | . 1 . . Leg 1 | . . 1 . Wheel 5 | 2 . 1 2 Hover . | . . . . Flight . | . . . . Utility 8 | . 4 1 3 Device 2 | . 1 1 . Storage 1 | . 1 . . Processor 1 | . 1 . . Hackware . | . . . . Protection 4 | . 1 . 3 Artifact . | . . . . Weapon 8 | 2 1 . 5 Energy Gun . | . . . . Energy Cannon 1 | . . . 1 Ballistic Gun 4 | 2 1 . 1 Ballistic Cannon 1 | . . . 1 Launcher 1 | . . . 1 Special Weapon . | . . . . Impact Weapon 1 | . . . 1 Slashing Weapon . | . . . . Piercing Weapon . | . . . . Special Melee Weapon . | . . . . Unidentified Prototypes 1 | . 1 . . Parts Lost 13 | . 1 3 9 Power 3 | . . 1 2 Propulsion 5 | . 1 1 3 Utility 4 | . . 1 3 Weapon 1 | . . . 1 Highest Loss Streak 7 | . 1 2 7 To Critical Strikes . | . . . . Average Backups 6 | . 5 6 8 Power . | . . . . Propulsion . | . . . . Utility 4 | . 4 4 4 Weapon 2 | . . 2 3 Tool/Special . | . . . . Unused Backups 10 | . 2 . 8 Power . | . . . . Propulsion . | . . . . Utility 7 | . 2 . 5 Weapon 3 | . . . 3 Tool/Special . | . . . . Average Slot Usage (%) 88 | . 85 98 79 Engine 10 | . 11 13 6 Treads 4 | . 9 2 . Leg 5 | . . 10 5 Wheel 13 | . 16 15 9 Device 10 | . 5 13 11 Storage 9 | . 3 14 11 Processor 2 | . 7 . . Protection 3 | . 2 . 9 Energy Cannon 1 | . . . 6 Ballistic Gun 22 | . 27 28 7 Ballistic Cannon 1 | . . . 3 Peak Build Rating 24 | 4 19 19 24 Average Rating 16 | 3 11 18 22 On Entrance 10 | . 3 19 19 Avg Prop Armor Cover (%) 9 | 12 11 9 5 Naked Turns . | . . . . Heaviest Build 39 | 4 29 29 39 Greatest Support 32 | 26 20 32 32 Greatest Overweight (x) 9 | 1 1 1 9 Average Overweight (x) . | . . . 1 Largest Inventory Capacity 15 | 5 15 15 15 Average Capacity 12 | 5 7 15 15 Most Carried 11 | 2 6 6 11 Average Carried 6 | . 5 6 8 Final Capacity 15 | 5 15 15 15 Final Carried 11 | 2 6 6 11 Class Distribution -------------------- 69% | Mutant 30% | Scavenger-Mutant Dominant Class ---------------- Mutant | -10/Materials Scavenger-Mutant | -10/Mines Mutant | -9/Materials Resources | -11 -10 -10 -9 ----------- Run | Yrd Mat Min Mat Matter Collected 1536 | 198 335 342 661 Remotely . | . . . . Salvage Created 1602 | . 524 356 722 Parts 93 | . 31 19 43 Haulers Intercepted 2 | . 2 . . Recyclers Shooed 3 | . . 1 2 Parts Field Recycled . | . . . . Retrieved Matter . | . . . . Parts Self-Destructed . | . . . . Prevented . | . . . . Parts Restored . | . . . . Kills | -11 -10 -10 -9 ------- Run | Yrd Mat Min Mat Combat Hostiles Destroyed 42 | . 14 7 21 Melee 1 | . . . 1 Guns 25 | . 14 7 4 Cannons 9 | . . . 9 AOE 5 | . . . 5 Classes Destroyed 8 | . 4 1 3 Worker 1 | . 1 . . Hauler 2 | . 2 . . Recycler 5 | . . 2 3 Operator 2 | . . . 2 Watcher 3 | . . . 3 Swarmer 21 | . 7 3 11 Grunt 19 | . 7 5 7 Sentry 3 | . . . 3 Best Kill Streak 16 | . 5 5 16 Combat Bots Only 10 | . 5 3 10 Max Kills in Single Turn 8 | . 1 1 8 Gunslinging . | . . . . Exploded 3 | . . . 3 Melee 1 | . . . 1 Uniques/NPCs Destroyed . | . . . . Combat | -11 -10 -10 -9 -------- Run | Yrd Mat Min Mat Hostile Shots Fired 235 | . 56 28 151 Missed 49 | . 14 5 30 Hits 186 | . 42 23 121 Projectile 186 | . 42 23 121 Damage Taken 1919 | . 446 229 1244 Core 440 | . 79 55 306 Absorbed by Shields . | . . . . Core Remaining (%) 81 | 100 . 63 . Volleys Fired 131 | . 41 27 63 Largest 2 | . 2 2 2 Hottest 91 | . 40 40 91 Shots Fired 229 | . 82 56 91 Gun 169 | . 82 56 31 Cannon 53 | . . . 53 Launcher 7 | . . . 7 Special . | . . . . Kinetic 191 | . 82 56 53 Thermal 31 | . . . 31 Explosive 7 | . . . 7 Electromagnetic . | . . . . Robot Hit Streak 15 | . 15 6 8 Robot Miss Streak 5 | . 3 3 5 Penetration Max . | . . . . Secondary Targets 3 | . 1 2 . Max Gunslinging Chain 1 | . 1 1 . Shots Hit Robots 145 | . 58 37 50 Core Hits 72 | . 26 16 30 Critical Kills . | . . . . Critical Parts Destroyed 1 | . . . 1 Critical Strikes 1 | . . . 1 Smash 1 | . . . 1 Melee Attacks 8 | . . . 8 Impact 8 | . . . 8 Slashing . | . . . . Piercing . | . . . . Sneak Attacks . | . . . . Combat Hostiles . | . . . . Follow-up Attacks . | . . . . Damage Inflicted 3385 | . 745 425 2215 Guns 1474 | . 745 425 304 Cannons 544 | . . . 544 Explosions 1192 | . . . 1192 Melee 175 | . . . 175 Ramming . | . . . . Kinetic 1670 | . 745 425 500 Thermal 1105 | . . . 1105 Explosive 435 | . . . 435 Electromagnetic . | . . . . Impact 175 | . . . 175 Slashing . | . . . . Piercing . | . . . . Highest Corruption 13 | . 13 13 . Average Corruption 12 | . 13 12 . Corruption Purged . | . . . . Corruption Blocked . | . . . . Effects 34 | . 2 32 . Message Errors 15 | . 1 14 . Matter Fused 10 | . 1 9 . Heat Flow Errors 2 | . . 2 . Energy Discharges 2 | . . 2 . Data Loss (minor) 3 | . . 3 . Misfires 1 | . . 1 . Weapon Failures 1 | . . 1 . Overload Shots . | . . . . Overflow Damage 314 | . . . 314 Projectiles 4 | . . . 4 Explosions 240 | . . . 240 Melee 70 | . . . 70 Knockbacks . | . . . . Impact . | . . . . Kinetic . | . . . . Secondary . | . . . . Self-Inflicted Damage 40 | . . . 40 Shots 1 | . . . 1 Rammed . | . . . . Targets Rammed . | . . . . Kicked . | . . . . Crushed . | . . . . Highest Temperature 369 | . 30 273 369 Average Temperature 109 | . 11 85 124 Received Heat Transfer 618 | . 177 96 345 Effects 2 | . . . 2 Energy Bleed 1 | . . . 1 Damage (minor) 1 | . . . 1 Siege Activations . | . . . . Martial Activations . | . . . . Shielding Activations . | . . . . Robots Disrupted . | . . . . Combat Hostiles . | . . . . Robots Corrupted 2 | . . . 2 Combat Hostiles 2 | . . . 2 Parts Fried 3 | . . . 3 Impact Corruptions 4 | . . . 4 Robots Melted . | . . . . Combat Hostiles . | . . . . Parts Melted 4 | . . 1 3 Heat Transferred 1092 | . . . 1092 Parts Sabotaged . | . . . . Parts Stolen . | . . . . Parts Stripped . | . . . . Power Chain Reactions . | . . . . Alert | -11 -10 -10 -9 ------- Run | Yrd Mat Min Mat Maximum Alert Level 3 | . . 1 3 Low Security (%) 68 | 100 100 57 42 Level 1 19 | . . 42 11 Level 2 7 | . . . 26 Level 3 5 | . . . 19 Level 4 . | . . . . Level 5 . | . . . . High Security . | . . . . Max Security . | . . . . Peak Influence 883 | . 131 311 883 Initial 85 | . . 40 85 Average 189 | . 52 176 386 Influence Increases 2149 | . 400 559 1190 Destroy 0b10 Robot/C 920 | . 280 160 480 Destroy 0b10 Robot/NC 70 | . 15 10 45 Destroy Leader 182 | . 44 30 108 Allied During Kill 44 | . . 8 36 Successful Hack 10 | . . . 10 Select Force Hacks 30 | . . . 30 Disable Machine 180 | . 15 . 165 Destroy Structure 30 | . 1 . 29 Partial Spotted 15 | . 15 . . Lose Combat Pursuer 90 | . 30 15 45 Miscellaneous 578 | . . 336 242 Influence Decreases 1266 | . 296 444 526 Entered New Map 198 | . . 64 134 Time Decay 898 | . 286 350 262 Lost Part 130 | . 10 30 90 Lost Ally 40 | . . . 40 Squads Dispatched 9 | . 2 2 5 Investigation 4 | . . 2 2 Extermination . | . . . . Reinforcement 5 | . 2 . 3 Assault . | . . . . Garrison . | . . . . Intercept . | . . . . Searches Triggered . | . . . . Construction Impeded . | . . . . Haulers Reinforced . | . . . . Active Scanning Responses . | . . . . Cargo Convoy Interrupts . | . . . . Stealth | -11 -10 -10 -9 --------- Run | Yrd Mat Min Mat Distress Signals 5 | . 2 . 3 Communications Jammed . | . . . . Distress Signals . | . . . . Times Spotted 73 | . 21 10 42 Peak Tracking Total 7 | . 5 3 7 Tactical Retreats 5 | . 1 1 3 Traps | -11 -10 -10 -9 ------- Run | Yrd Mat Min Mat Traps Triggered 1 | . 1 . . Indirectly . | . . . . Trap Hack Attempts . | . . . . Triggered . | . . . . Disarmed . | . . . . Reprogrammed . | . . . . Reused . | . . . . Traps Extracted . | . . . . Installed . | . . . . Triggered . | . . . . Machines | -11 -10 -10 -9 ---------- Run | Yrd Mat Min Mat Machines Disabled 12 | . 1 . 11 Max in Single Turn 9 | . 1 . 9 Machines Repaired . | . . . . Machines Dismantled . | . . . . Machines Sabotaged . | . . . . Overloaded Fab Kills . | . . . . Hacking | -11 -10 -10 -9 --------- Run | Yrd Mat Min Mat Machines Accessed 9 | . 4 1 4 Terminals 6 | . 4 1 1 Fabricators . | . . . . Repair Stations 1 | . . . 1 Recycling Units 1 | . . . 1 Scanalyzers 1 | . . . 1 Garrison Access . | . . . . Total Hacks 35 | . 6 6 23 Successful 21 | . 2 2 17 Failed 14 | . 4 4 6 Catastrophic 6 | . 3 1 2 Database Lockouts . | . . . . Manual 18 | . 7 7 4 Terminals 14 | . 6 6 2 Fabricators . | . . . . Repair Stations 4 | . . . 4 Recycling Units 2 | . . . 2 Scanalyzers 15 | . . . 15 Garrison Access . | . . . . Terminal Hacks 3 | . 1 2 . Robot Analysis 3 | . 1 2 . Fabricator Hacks . | . . . . Repair Station Hacks 2 | . . . 2 Scan Component 1 | . . . 1 Refit 1 | . . . 1 Recycling Unit Hacks 2 | . . . 2 Retrieve Matter 1 | . . . 1 Retrieve Components 1 | . . . 1 Scanalyzer 12 | . . . 12 Insert Component 6 | . . . 6 Analyze 6 | . . . 6 Garrison Access Hacks . | . . . . Unauthorized Hacks 2 | . 1 . 1 Terminals 1 | . 1 . . Assimilate 1 | . 1 . . Fabricators . | . . . . Repair Stations . | . . . . Recycling Units . | . . . . Scanalyzers 1 | . . . 1 Extract 1 | . . . 1 Garrison Access . | . . . . Data Cores Recovered . | . . . . Used . | . . . . Hacking Detections 9 | . 4 1 4 Full Trace Events 3 | . 1 1 1 Feedback Events . | . . . . Feedback Blocked . | . . . . Robot Schematics Acquired . | . . . . Robots Built . | . . . . Authchips . | . . . . Time . | . . . . Total Robot Build Rating . | . . . . Part Schematics Acquired 10 | . . . 10 Parts Built . | . . . . Authchips . | . . . . Time . | . . . . Total Part Build Rating . | . . . . Part Studies Acquired . | . . . . Parts Repaired . | . . . . Time . | . . . . Parts Recycled . | . . . . Recycled Matter . | . . . . Retrieved Matter . | . . . . Retrieved Components 5 | . . . 5 Parts Scanalyzed 6 | . . . 6 Part Schematics Acquired 6 | . . . 6 Parts Damaged 1 | . . . 1 Bothacking | -11 -10 -10 -9 ------------ Run | Yrd Mat Min Mat Used RIF Installer . | . . . . Robots Hacked . | . . . . Non-combat . | . . . . Combat . | . . . . Robot Hacks Applied . | . . . . Relay Couplers Released . | . . . . Fabnet Peak Effective % . | . . . . Robots Rewired . | . . . . Allies Hacked . | . . . . Hacks Repelled . | . . . . Allies | -11 -10 -10 -9 -------- Run | Yrd Mat Min Mat Total Allies 3 | . . 3 . Largest Group 3 | . . 3 2 Highest-Rated Group 40 | . . 40 32 Highest-Rated Ally 16 | . . 16 16 Total Orders . | . . . . Ally Attacks 32 | . . 11 21 Total Damage 382 | . . 141 241 Kills 5 | . . 1 4 Allies Corrupted . | . . . . Allies Melted . | . . . . X0-1V1 Amusement Gains 26 | . 11 10 5 Good Acts 10 | . 4 2 4 Bad Acts 13 | . 2 6 5 Intel | -11 -10 -10 -9 ------- Run | Yrd Mat Min Mat Active Infowar (turns) . | . . . . Robot Analysis Total 3 | . 1 2 . Derelict Logs Recovered 2 | . . 2 . Drone Launches . | . . . . Drone Recoveries . | . . . . Exploration | -11 -10 -10 -9 ------------- Run | Yrd Mat Min Mat Turns Passed 2094 | 59 674 790 571 Spaces Moved 1439 | 55 496 619 269 Core 113 | 19 88 . 6 Treads 29 | . 29 . . Legs . | . . . . Wheels 1296 | 36 379 619 262 Hover 1 | . . . 1 Flight . | . . . . Fastest Speed 50 | 50 50 100 115 Average Speed 111 | 85 102 113 131 Slowest Speed 500 | 100 240 115 500 Overloaded Moves . | . . . . Propulsion Burnouts . | . . . . Robots Hopped . | . . . . Potential Cave-ins . | . . . . Cave-ins Triggered . | . . . . Exploration Rate (%) 54 | 3 82 97 36 Regions Visited 3 Branch Regions 1 Pre-discovered Areas 1 | . . 1 . Known Exits Taken . | . . . . Unknown Exits Taken 3 | 1 1 1 . Scrap Searched 1 | . . 1 . Spaces Dug 1 | . . . 1 Terrain Destroyed 28 | . . . 28 Melee 1 | . . . 1 Projectile . | . . . . AOE 27 | . . . 27 Terrain Rammed . | . . . . Walls Destroyed . | . . . . Machines Disabled . | . . . . Actions | -11 -10 -10 -9 --------- Run | Yrd Mat Min Mat Total 1683 | 65 580 657 381 Wait 47 | 4 22 7 14 Move 1437 | 55 495 618 269 Hop . | . . . . Pick Up 16 | 1 7 . 8 Fast Attach 24 | 4 8 4 8 Attach 5 | . 1 . 4 Detach 2 | 1 . . 1 Swap 3 | . 2 . 1 Drop 10 | . 4 1 5 Fire 131 | . 41 27 63 Melee 8 | . . . 8 Ram . | . . . . Kick . | . . . . Crush . | . . . . Escape Stasis . | . . . . Rewire . | . . . . Trap . | . . . . Miscellaneous . | . . . . Route ------- -11/Scrapyard -10/Materials (discovered 5 exits: *Mat x3 / *Min / *Sub) -10/Mines (discovered 3 exits: *Mat x2 / Sub) -9/Materials (discovered 1 exit: Min) History --------- Turn | Location | Event 24 | -11/Scrapyard | Discovered new exit (range 12) 60 | -11/Scrapyard | Entered Materials 180 | -10/Materials | Discovered new exit (range 16) 272 | -10/Materials | Discovered new exit (range 16) 312 | -10/Materials | Build established: Mutant 390 | -10/Materials | Discovered new exit (range 9) 442 | -10/Materials | Prayed at D.C.S.S. Altar Unit 449 | -10/Materials | X0-1V1 foreshadows a heat wave 451 | -10/Materials | X0-1V1 sent hostile S-10 Pest (x5) 519 | -10/Materials | Discovered new exit (range 15) 587 | -10/Materials | Energy generation permanently improved by X0-1V1 (+10; -100 max core) 622 | -10/Materials | Ambient heat levels rising (+10) 684 | -10/Materials | System corruption reached 10% 721 | -10/Materials | Discovered new exit (range 8) 734 | -10/Materials | Entered Mines 735 | -10/Mines | Learned location of Storage (-8) 833 | -10/Mines | X0-1V1 added 0b10 threat records associated with you (considerable) 856 | -10/Mines | Discovered new exit (range 10) 906 | -10/Mines | Discovered new exit (range 4) 1096 | -10/Mines | Assisted by bots powering up and referring to "LRC-V3" 1140 | -10/Mines | X0-1V1 rewrote Mercenary 1a IFF filter 1207 | -10/Mines | Identified exit to Subcaves 1221 | -10/Mines | Build established: Scavenger-Mutant 1279 | -10/Mines | Learned location of 1 exit from Materials 1466 | -10/Mines | X0-1V1 added 0b10 threat records associated with you (minor) 1524 | -10/Mines | Entered Materials 1524 | -9/Materials | Accompanied by 2 allies 1524 | -9/Materials | Evolved 2 slots: Utility x2 1525 | -9/Materials | Identified exit to Mines 1686 | -9/Materials | X0-1V1 announced a LAN party 1816 | -9/Materials | X0-1V1 added 0b10 threat records associated with you (minor) 1834 | -9/Materials | X0-1V1 sent hostile S-10 Pest (x3) 1869 | -9/Materials | Core integrity fell below 50% 1880 | -9/Materials | Build established: Mutant 1898 | -9/Materials | Lost 7 parts (1p2n3u1w) 1913 | -9/Materials | Destroyed 10 combat bots 1967 | -9/Materials | X0-1V1 whisked you away to safety 2071 | -9/Materials | Core integrity fell below 20% 2092 | -9/Materials | X0-1V1 added 0b10 threat records associated with you (minor) 2093 | -9/Materials | X0-1V1 vaporized surrounding terrain (radius 17) 2095 | -9/Materials | Destroyed by G-34 Mercenary with Small Laser Last Messages --------------- Imp. Ion Engine Aluminum Leg Lgt. Treads Beam Rifle 02066_ Acquired Beam Rifle. 02070_ Acquired Mni. Grenade Launcher. 02071_ Lgt. Nuclear Core destroyed. 02071_ Purification Channel disabled. 02071_ G-34 Mercenary destroyed. 02075_ Destroyed Sml. Laser. 02077_ U-05 Engineer lays Concrete. 02085_ Backup Propulsion I destroyed. 02091_ G-34 Mercenary destroyed. 02092_ X0-1V1: "Threat records for the threat god!" Surrounding terrain vaporized. 02093_ X0-1V1: "Learned that one from the Sigix." 02094_ The unstable cave ceiling collapses. 02095_ X0-1V1 guffaws! Map ----- +----------------------------------------------------+ | ??????????????????? ? ????????????????# | | ????????????????? ??????????????# | | ??????????????? " !#???????????# | | ???????????????# #???????????# | | ???????????????# [ #???????????# | | ???????????????# %* #???????????# | | ???????????????# +???????????### | | ???????????????# #?????????????? | | ???????????????# #?????????????? | | ???????????????# #?????????????? | | ???????????????# #?????????????? | | ??????????????;; #?????????????? | | ????????????" ; #?????????????? | | ????????? """ ; ###???????????? | | ???????? " ""#???????????? | | ????????? * T"#???????????? | | ????????? ==[ ""#???????????? | | ?????????;;;;; g " " ###???????????? | | ????????##;; ;; "Y" #?????????????? | | ????????# """ #? ??????????? | | ????????# """ g #####+#;;;;??????????? | | ???? ; """ # ; ?????????? | | ???? ; "" % g## ; ?????????? | | ??? ; ; ## ; ????????? | | ??? ; ;;; + ; ; ????????? | | ??? ; ;; @ ;; ; ????????? | | ??? ; ][ ;; ;; ; ????????? | | ??? ; [ ; a;; ; ????????? | | ???? ; [ ; !%;; ; ?????????? | | ???? ; ;# ;+;;;;;;;; ?????????? | | ????? ; ; ; ; ??????????? | | ????? ; ;; ;;;??????????? | | ????? ;;;;;+;;; ;;#;; #???????? | | ?????? ; w " ??????? | | ?????? ; T ????? | | ???????;;;;#;+;;;;;;; ;;;;; #???????? | | ???????; ;;;;;; ;??###???????? | | ???????# """ """; ??????????????? | | ???????# """ R"; ?????????????????? | | ???????# """ """; ???????????????????? | | ???????# ! ;?????????????????????? | | ???????##############?????????????????????? | | | | | | | | | | | | | | | | | +----------------------------------------------------+ Best States ------------- Heat Dissipation 28 Energy Generation 24 Energy Capacity 250 Matter Stores 700 Matter Capacity 700 Sight Range 16 Terrain Scan Density 10 Armor Coverage 300 Evasion (%) 50 Targeting Accuracy 5 Recoil Reduction 1 Item Schematics ----------------- Huge Storage Unit | -9/Materials | Scanalyzed Hacking Suite | -9/Materials | Scanalyzed Particle Gun | -9/Materials | Scanalyzed Lgt. Cannon | -9/Materials | Scanalyzed Mace | -9/Materials | Scanalyzed Transport Network Coupler | -9/Materials | Scanalyzed Lgt. EM Pulse Cannon | -9/Materials | Extracted Sml. Matter Pod | -9/Materials | Extracted Rocket Launcher | -9/Materials | Extracted Visual Processing Unit | -9/Materials | Extracted Robot Schematics ------------------ None Fabricated ------------ Nothing Repaired ---------- Nothing Studied --------- None Alien Tech Used ----------------- None Achievements -------------- Fitting Room Challenges ------------ None Game ------ Seed FlightAntimissileNetwork Manual? 0 Play Time 00:20:48 Cumulative 474.0 hours Start 2026.07.27 @ 18:19:36 End 2026.07.27 @ 22:12:12 Sessions 2 Manual Loads 0 Difficulty Rogue Special Mode None Game No. 241 Rogue 237 Adventurer 0 Explorer 4 Win Type - Total 26 Types 9/1/2/6/1/2/3/1/1/0 Lore% 69 Gallery% 74 Achievement% 57 Wizard Run 0 Options --------- Layout 1 ASCII 0 Keyboard 0 Movement Mouse Keybinds 0 Fullscreen 1 Font 24/Smallcaps Map View 50x35 Zoom Use 0% Tactical HUD 1 Map Filters NONE Filters NONE Steam 1 RUN: c637b438-51ea-4f08-b3cc-b2f12bf12ab4